 Dungeon Crawl Stone Soup version 0.28.0-53-g5a82cb258f (webtiles) character file.

Game seed: 5681886352388164993

219 ILmort the Chopper (level 5, -2/47 HPs)
             Began as a Hill Orc Fighter on Aug 26, 2022.
             Slain by a gnoll
             ... wielding a +0 whip
              (5 damage)
             ... on level 2 of the Dungeon.
             The game lasted 00:04:21 (3064 turns).

ILmort the Chopper (Hill Orc Fighter)               Turns: 3064, Time: 00:04:22

Health: -2/47      AC:  8    Str: 21    XL:     5   Next: 96%
Magic:  5/5        EV:  9    Int:  8    God:
Gold:   125        SH:  4    Dex: 10    Spells: 4/4 levels left

rFire   . . .      SeeInvis .   a - +0 war axe
rCold   . . .      Faith    .   c - +0 buckler
rNeg    . . .      Spirit   .   b - +0 scale mail
rPois   .          Reflect  .   (no helmet)
rElec   .          Harm     .   (no cloak)
rCorr   .          Rampage  .   h - +0 pair of gloves
Will    .....                   (no boots)
Stlth   ..........              (no amulet)
HPRegen 0.15/turn               (no ring)
MPRegen 0.09/turn               (no ring)

@: no status effects
A: no striking features
a: no special abilities


You were on level 2 of the Dungeon.
You visited 1 branch of the dungeon, and saw 3 of its levels.

You collected 125 gold pieces.

Inventory:

Hand Weapons
 a - a +0 war axe (weapon)
Missiles
 k - a throwing net (quivered)
Armour
 b - a +0 scale mail (worn)
 c - a +0 buckler (worn)
 h - a +0 pair of gloves (worn)
Scrolls
 g - 2 scrolls of enchant armour {unknown}
 i - a scroll of amnesia {unknown}
 j - a scroll of vulnerability {unknown}
Potions
 d - a potion of might
 e - 2 potions of cancellation {unknown}
 f - a potion of heal wounds {unknown}


   Skills:
 + Level 4.9 Fighting
 * Level 5.9 Axes
 + Level 4.5 Armour
 - Level 3.2 Shields


You had 4 spell levels left.
You didn't know any spells.
Your spell library contained the following spells:

 Spells                   Type           Power      Damage    Failure   Level
 Chain Lightning          Conj/Air       0%         N/A       100%        9
 Fire Storm               Conj/Fire      0%         5d1       100%        9
 Shatter                  Erth           0%         3d5*      100%        9


Dungeon Overview and Level Annotations

Branches:
Dungeon (3/15)

Altars:

Annotations:
D:3 2 runed translucent doors, ILmort's ghost, amateur MiBe


Message History

The gnoll hits you from afar with a +0 halberd!
You climb upwards.
There is a stone staircase leading down here.
A gnoll is nearby!
You closely miss the gnoll. The gnoll hits you with a +0 flail!
You slash the gnoll! The gnoll closely misses you.
You hit the gnoll. The gnoll barely misses you.
You barely miss the gnoll. The gnoll barely misses you.
The gnoll hits you but does no damage.
You slash the gnoll!
You kill the gnoll!
You start resting.
You climb downwards.
Level annotation: 2 runed translucent doors, ILmort's ghost, amateur MiBe The gnoll shouts!
There is a stone staircase leading up, spattered with blood here.
The gnoll barely misses you.
You climb upwards.
There is a stone staircase leading down here.
You climb downwards.
Level annotation: 2 runed translucent doors, ILmort's ghost, amateur MiBe The gnoll shouts!
The gnoll hits you with a +0 whip.
The gnoll sergeant hits you from afar with a +3 vorpal spear!
There is a stone staircase leading up, spattered with blood here.
The gnoll hits you with a +0 flail.
The gnoll hits you from afar with a +0 halberd!
The gnoll sergeant hits you from afar with a +3 vorpal spear!
* * * LOW HITPOINT WARNING * * *
x2 You climb upwards.
There is a stone staircase leading down here.
You hit the gnoll. You slash the gnoll! The gnoll hits you with a +0 flail!
* * * LOW HITPOINT WARNING * * *
The gnoll barely misses you. The gnoll closely misses you.
You hit the gnoll but do no damage. You hit the gnoll.
You kill the gnoll!
The gnoll barely misses you.
You closely miss the gnoll. The gnoll barely misses you.
The gnoll hits you with a +0 whip.
You die...

...#........#
...#....###.#############
...#....................#
...#........###########.#
#.##........# ##.####
#.##........# #.....#
#.####...#### #.....#
#.####...#############.....#
...............g@#.........######
#.###....#######)#.....†.........
..#.#.##### #.#......#########
♣♣.♣..#...# #.#......#
.♣♣♣♣.....# #.######## ♣♣
♣..♣♣..# #.# .♣♣♣♣♣♣...# #.#
♣.♣♣♣♣♣..## #.# .♣♣♣.♣♣..#####
#.#


You could see a gnoll.

Vanquished Creatures
  A hound (D:3)
  Jessica (D:2)
  7 gnolls
  3 adders
  A worm (D:2)
  2 ball pythons
  6 endoplasms
  2 giant cockroaches
  6 goblins
  3 hobgoblins (D:2)
  6 jackals
  11 kobolds
  2 quokkas
  4 bats
  3 frilled lizards
  9 rats
67 creatures vanquished.

Vanquished Creatures (others)
  5 plants (D:3)
5 creatures vanquished.

Grand Total: 72 creatures vanquished

Notes
Turn   | Place    | Note
-------+----------+-------------------------------------------
     0 | D:1      | ILmort the Hill Orc Fighter began the quest for the Orb.
     0 | D:1      | Reached XP level 1. HP: 19/19 MP: 1/1
   209 | D:1      | Reached skill level 3 in Axes
   300 | D:1      | Reached XP level 2. HP: 27/27 MP: 2/2
   903 | D:2      | Reached XP level 3. HP: 31/33 MP: 3/3
  1007 | D:2      | Reached skill level 4 in Axes
  1114 | D:2      | Noticed Jessica
  1123 | D:2      | Killed Jessica
  1124 | D:2      | Reached XP level 4. HP: 40/40 MP: 4/4
  1384 | D:2      | Found a faded altar of an unknown god.
  2104 | D:3      | Found a large runed translucent door.
  2104 | D:3      | Found a large runed translucent door.
  2107 | D:3      | Noticed ILmort's ghost (amateur MiBe)
  2186 | D:3      | Reached skill level 5 in Axes
  2186 | D:3      | Reached XP level 5. HP: 38/47 MP: 5/5
  3062 | D:2      | HP: 2/47 [gnoll/+0 flail (7)]
  3064 | D:2      | Slain by a gnoll

Illustrated notes

Levels and vault maps discovered:
D:1:      giann_bridges, layout_basic, serial_bayou_pond_c, interstate_on_off
D:2:      layout_basic, chequers_ecumenical_altar_grove, uniq_jessica
D:3:      minmay_door_path, layout_rooms, ebering_ghost_disaster_area,
          lexackson_kobold_supper

Skill      XL: |  1  2  3  4 |
---------------+-------------+-----
Axes           | 3 4 5 |  5.9
Fighting       | 4 |  4.9
Armour         | 4 |  4.5
Shields        | |  3.2

Action                   |  1- 3 |  4- 6 || total
-------------------------+-------+-------++-------
Melee: War axe           |    60 |   121 ||   181
Armor: Scale mail        |    26 |    37 ||    63
Dodge: Dodged            |    40 |    66 ||   106
Block: Buckler           |    15 |    20 ||    35
